 Dungeon Crawl Stone Soup version 0.21.0-3-g78d12a8 (webtiles) character file.

48972 Faca the Archer (level 14, -4/124 HPs)
             Began as a Centaur Hunter on Jan 13, 2018.
             Was the Champion of Okawaru.
             Slain by a bone dragon (9 damage)
             ... on level 2 of the Abyss on Jan 14, 2018.
             The game lasted 01:10:06 (30658 turns).

Faca the Archer (Centaur Hunter)                   Turns: 30658, Time: 01:10:06

Health: -4/124     AC: 20    Str: 27    XL:     14   Next: 14%
Magic:  14/14      EV:  2    Int:  6    God:    Okawaru [******]
Gold:   865        SH:  0    Dex: 17    Spells: 13/13 levels left

rFire    + . .     SeeInvis +   C - +2 trident
rCold    + + .     Gourm    .   (no shield)
rNeg     . . .     Faith    .   e - +0 chain mail of Lucidity {+Inv rC++ Dex+7}
rPois    .         Spirit   .   k - +1 helmet
rElec    .         Reflect  +   K - scarf {cloud immunity}
rCorr    .         Harm     .   c - +0 pair of gloves
MR       +....                  v - +1 centaur barding of Henotheism {MR- Regen+ Str+9 Int-4}
Stlth    ..........             n - +5 amulet of reflection
HPRegen  0.70/turn              E - ring "Pis Vulu" {rC+ Str+4 SInv}
MPRegen  0.14/turn              D - ring of Ischom {Fire MR+ Stlth+}

@: confused, hasted, constricted, very quick
A: large, hooves 3, [clumsy 2], deformed body, speed 2, [screaming 2], tough
skin 3, weak 1
a: Heroism, Finesse, Renounce Religion, Evoke Invisibility


You were on level 2 of the Abyss.
You worshipped Okawaru.
Okawaru was exalted by your worship.
You were not hungry.

You visited 3 branches of the dungeon, and saw 18 of its levels.
You visited the Abyss 1 time.
You also visited: Ossuary.

You collected 865 gold pieces.

Inventory:

Hand Weapons
 s - a +2 shortbow of freezing
 C - a +2 trident (weapon)
Missiles
 d - 445 arrows
Armour
 c - a +0 pair of gloves (worn)
 e - the +0 chain mail of Lucidity (worn) {+Inv rC++ Dex+7}
   (You found it on level 9 of the Dungeon)

   It affects your dexterity (+7).
   It greatly protects you from cold.
   It lets you turn invisible.
 k - a +1 helmet (worn)
 v - the +1 centaur barding of Henotheism (worn) {MR- Regen+ Str+9 Int-4}
   (Okawaru gifted it to you on level 5 of the Lair of Beasts)

   It affects your strength (+9).
   It affects your intelligence (-4).
   It affects your resistance to hostile enchantments.
   It increases your rate of regeneration.
 K - a scarf of cloud immunity (worn)
 S - a +1 centaur barding of fire resistance
Jewellery
 a - an uncursed ring of resist corrosion
 j - an uncursed ring of flight
 n - a +5 amulet of reflection (around neck)
 D - the ring of Ischom (right hand) {Fire MR+ Stlth+}
   (You acquired it on level 2 of the Lair of Beasts)

   [ring of fire]

   It enhances your fire magic.
   It protects you from fire.
   It makes you vulnerable to cold.
   It affects your resistance to hostile enchantments.
   It makes you more stealthy.
 E - the ring "Pis Vulu" (left hand) {rC+ Str+4 SInv}
   (You found it on level 4 of the Lair of Beasts)

   [ring of see invisible]

   It affects your strength (+4).
   It protects you from cold.
   It lets you see invisible.
Wands
 m - a wand of iceblast (5)
 x - a wand of digging (13)
 y - a wand of acid (8)
 A - a wand of disintegration (10)
Scrolls
 g - a scroll of acquirement
 l - 2 scrolls of holy word
 p - a scroll of fear {unknown}
 q - 6 scrolls of teleportation
 r - a scroll of summoning
 t - a scroll of enchant armour
 G - 4 scrolls of enchant weapon
 L - 2 scrolls of remove curse
 R - 2 scrolls of fog
Potions
 b - 5 potions of brilliance
 h - a potion of agility
 i - 5 potions of flight
 o - 4 potions of mutation
 u - a potion of berserk rage
 w - 2 potions of ambrosia
 z - 4 potions of lignification
 B - 3 potions of might
Comestibles
 f - 21 rations


   Skills:
 + Level 11.4 Fighting
 - Level 14.0 Polearms
 + Level 14.8 Bows
 + Level 8.8 Armour
 - Level 1.3 Dodging
 - Level 0.4 Stealth


You had 13 spell levels left.
You didn't know any spells.

Dungeon Overview and Level Annotations

Branches:
Dungeon (11/15)            Temple (1/1) D:7            Lair (6/6) D:9
  Swamp (0/4) Lair:3       Spider (0/4) Lair:4
  Slime: Lair:5-6       Orc: D:9-12

Altars:
Ashenzari
Cheibriados
Dithmenos
Elyvilon
Fedhas
Gozag
Hepliaklqana
Kikubaaqudgha
Makhleb
Nemelex Xobeh
Okawaru
Qazlal
Ru
Sif Muna
Trog
Uskayaw
Vehumet
Wu Jian
Xom
Yredelemnul
Zin
The Shining One

Portals:
Trove: D:11 (show slimy rune of Zot)

Annotations:
D:11 Fannar
Lair:5 exclusion: 5 oklob plants
Lair:6 ces's ghost, journeyman GnFi


Innate Abilities, Weirdness & Mutations

You have hooves in place of feet.
Armour fits poorly on your strangely shaped body.
You cover ground very quickly.
You have extremely tough skin. (AC +3)
You are weak. (Str -2)
[You are very clumsy. (Dex -4)]
[You sometimes yell uncontrollably at your foes.]


Message History

You bump into the rock wall.
The golden eye blinks at you.
You are more confused.
You're too confused to move!
The bone dragon bites you but does no damage.
The bone dragon claws you!
* * * LOW HITPOINT WARNING * * *
The bone dragon tramples you.
* * * LOW HITPOINT WARNING * * *
You hold your ground!
The golden eye blinks at you.
You are more confused.
You bump into the rock wall.
The starspawn tentacle grabs you. The starspawn tentacle constricts you.
The golden eye blinks at you.
You are more confused.
The bone dragon bites you!
* * * LOW HITPOINT WARNING * * *
The bone dragon claws you!
You die...

# .#. .. ###
..#.## #. .#
##.#.## #.
#.#.#.# ..
##@wG.## # #
.##.D#>..#####...
..#.#.X─..#.# #
..##.##Y..h.... #
.
.##─....#....#..
§.#.
.#....##.##.### .
. ...##.. #. . #
###.# ...$##.. ##
. #. . # #. .
G........


You could see a bone dragon, a hellephant, a tentacled starspawn, a raiju, a
starspawn tentacle and a golden eye.

Vanquished Creatures
  Snorg (D:9)
  2 hydras
  The ghost of bees the Grappler, a journeyman TrFE of Yredelemnul (Lair:1)
  A great orb of eyes (Abyss:2)
  A catoblepas (Lair:6)
  5 death yaks
  A two-headed ogre (D:9)
  A thrashing horror (Abyss:2)
  Sonja (Lair:2)
  The ghost of Bateias the Covert, a novice OpAs of Dithmenos (D:8)
  11 elephants
  A manticore (Lair:6)
  Joseph (D:6)
  4 black mambas
  2 smoke demons (Abyss:2)
  A torpor snail (Lair:5)
  10 spiny frogs
  4 rime drakes
  5 komodo dragons
  An ancient zyme (Abyss:2)
  The ghost of Akrius the Cutter, a novice VSFi (D:5)
  A troll (D:9)
  The ghost of Aphrodieselac the Cleaver, an amateur HOFi of Uskayaw (D:4)
  A polar bear (Lair:4)
  18 dream sheep
  18 blink frogs
  10 hippogriffs
  34 yaks
  4 wyverns
  3 hogs (D:8)
  2 hungry ghosts (D:11)
  A golden eye (Abyss:2)
  2 basilisks (Lair:3)
  A human (D:8)
  5 large abominations (Abyss:2)
  A steam dragon (D:9)
  4 vampire mosquitoes
  Menkaure (D:5)
  Edmund (D:6)
  An acid dragon (D:11)
  4 small abominations (Abyss:2)
  10 water moccasins
  11 porcupines
  3 sky beasts
  2 black bears
  An ice beast (D:5)
  3 orc warriors (D:9)
  6 ogres
  5 centaurs
  14 wolves
  9 crocodiles
  A big kobold (D:8)
  10 bullfrogs
  5 scorpions
  2 water moccasin skeletons
  6 killer bees (D:10)
  An electric eel (Lair:4)
  4 wights (D:8)
  A howler monkey (D:8)
  6 crimson imps
  5 centaur zombies
  6 hounds
  6 orc wizards
  2 bullfrog skeletons
  A gnoll shaman (D:6)
  3 jellies
  A centaur skeleton (D:9)
  3 orc priests
  4 iguanas
  Natasha (thrice) (D:3)
  Terence (D:3)
  8 worker ants
  5 big kobold zombies (Ossuary)
  A hound skeleton (D:9)
  5 mummies
  Robin (D:1)
  A worker ant zombie (D:9)
  6 gnolls
  10 adders
  4 shadow imps
  An ooze (D:2)
  2 dart slugs
  3 leopard geckos
  27 orcs
  8 bats
  2 giant cockroaches
  22 goblins
  10 hobgoblins
  16 jackals
  6 quokkas
  6 frilled lizards
  A giant cockroach zombie (D:5)
  A hobgoblin zombie (Ossuary)
  A jackal skeleton (D:9)
  14 kobolds
  8 rats
473 creatures vanquished.

Vanquished Creatures (others)
  12 bushes (Lair:6)
  23 fungi
  37 plants
  9 starspawn tentacles (Abyss:2)
81 creatures vanquished.

Grand Total: 554 creatures vanquished

Notes
Turn   | Place    | Note
-------+----------+-------------------------------------------
     0 | D:1      | Faca the Centaur Hunter began the quest for the Orb.
     0 | D:1      | Reached XP level 1. HP: 17/17 MP: 1/1
   136 | D:1      | Reached XP level 2. HP: 13/24 MP: 2/2
   437 | D:1      | Reached skill level 1 in Armour
   442 | D:1      | Reached XP level 3. HP: 29/30 MP: 3/3
   827 | D:2      | Noticed Robin
  1041 | D:1      | Killed Robin
  1492 | D:2      | Reached skill level 1 in Polearms
  1560 | D:2      | Reached XP level 4. HP: 33/37 MP: 4/4
  1896 | D:3      | Noticed Terence
  1918 | D:3      | Killed Terence
  1933 | D:3      | Reached XP level 5. HP: 21/45 MP: 5/5
  2176 | D:3      | Found an ornate altar of the Wu Jian Council.
  2177 | D:3      | Found an opulent altar of Gozag.
  2394 | D:3      | Found a shimmering altar of Xom.
  2395 | D:3      | Found a hazy altar of Hepliaklqana.
  2396 | D:3      | Noticed a spectral ugly thing
  2438 | D:3      | Noticed Natasha
  2453 | D:3      | Killed Natasha
  2551 | D:3      | Noticed Natasha
  2560 | D:3      | Killed Natasha
  2832 | D:3      | Found a white marble altar of Elyvilon.
  2834 | D:3      | Found an ancient bone altar of Kikubaaqudgha.
  2863 | D:3      | Noticed Natasha
  2872 | D:3      | Killed Natasha
  3043 | D:4      | Reached XP level 6. HP: 49/51 MP: 6/6
  3674 | D:4      | Reached XP level 7. HP: 48/59 MP: 7/7
  3946 | D:4      | Noticed Aphrodieselac's ghost (amateur HOFi)
  4522 | D:5      | Entered Level 5 of the Dungeon
  4522 | D:5      | Noticed Akrius's ghost (novice VSFi)
  5563 | D:5      | Noticed Menkaure
  5880 | D:5      | Killed Akrius's ghost
  6040 | D:5      | Reached XP level 8. HP: 66/67 MP: 8/8
  6084 | D:5      | Killed Menkaure
  6084 | D:5      | Reached skill level 5 in Polearms
  6405 | D:5      | Reached skill level 5 in Fighting
  6494 | D:5      | Found a basalt altar of Yredelemnul.
  6495 | D:5      | Found a hide-covered altar of Uskayaw.
  7006 | D:6      | Found a sand-covered staircase.
  7026 | Ossuary  | Entered an ossuary
  7464 | Ossuary  | Reached XP level 9. HP: 75/75 MP: 9/9
  7566 | D:6      | Found a shattered altar of Ashenzari.
  7571 | D:6      | Noticed Edmund
  7596 | D:6      | Killed Edmund
  8238 | D:7      | Noticed Joseph
  8289 | D:6      | Killed Joseph
  9356 | D:4      | Killed Aphrodieselac's ghost
  9535 | D:7      | Found a staircase to the Ecumenical Temple.
  9541 | Temple   | Entered the Ecumenical Temple
  9629 | Temple   | Became a worshipper of Warmaster Okawaru
  9695 | D:7      | Got an ichor-stained helmet
  9715 | D:7      | Identified the cursed +0 helmet of Riycs {*Corrode +Inv MR+++ Str-4} (You found it on level 7 of the Dungeon)
 10394 | D:8      | Reached skill level 10 in Bows
 10426 | D:8      | Reached XP level 10. HP: 52/84 MP: 10/10
 10539 | D:8      | Reached * piety under Okawaru
 10876 | D:8      | Reached skill level 5 in Armour
 11326 | D:8      | Noticed Bateias's ghost (novice OpAs)
 11430 | D:8      | Killed Bateias's ghost
 11430 | D:8      | Reached ** piety under Okawaru
 12438 | D:9      | Noticed a two-headed ogre
 12528 | D:9      | Killed a two-headed ogre
 13241 | D:9      | Found a staircase to the Lair.
 13777 | D:9      | Found a deep blue altar of Sif Muna.
 13974 | D:9      | Got a bloodstained chain mail
 13985 | D:9      | Identified the +0 chain mail of Lucidity {+Inv rC++ Dex+7} (You found it on level 9 of the Dungeon)
 14292 | D:9      | Reached *** piety under Okawaru
 14292 | D:9      | Reached XP level 11. HP: 76/94 MP: 11/11
 14319 | D:8      | Received a gift from Okawaru
 14888 | D:10     | Entered Level 10 of the Dungeon
 15131 | D:10     | Noticed Snorg
 15262 | D:9      | Killed Snorg
 15262 | D:9      | Reached skill level 10 in Polearms
 16175 | D:11     | Noticed a seven-headed hydra
 16198 | D:11     | Killed a seven-headed hydra
 16198 | D:11     | Reached **** piety under Okawaru
 16198 | D:11     | Received a gift from Okawaru
 16873 | D:11     | Noticed Fannar
 17030 | D:11     | Received a gift from Okawaru
 17272 | D:11     | Found a portal to a secret trove of treasure.
 18024 | Lair:1   | Entered Level 1 of the Lair of Beasts
 18231 | Lair:1   | Noticed bees's ghost (journeyman TrFE)
 19481 | Lair:1   | Killed bees's ghost
 20336 | Lair:2   | Reached XP level 12. HP: 92/104 MP: 12/12
 20483 | Lair:2   | Noticed Sonja
 20496 | Lair:2   | Killed Sonja
 21165 | Lair:2   | Reached ***** piety under Okawaru
 22184 | Lair:2   | Identified 3 scrolls of acquirement
 22350 | Lair:2   | Got a brightly glowing silver ring
 22354 | Lair:2   | Identified the ring of Ischom {Fire MR+ Stlth+} (You acquired it on level 2 of the Lair of Beasts)
 22454 | Lair:2   | Received a gift from Okawaru
 23261 | Lair:3   | Received a gift from Okawaru
 24158 | Lair:3   | Reached skill level 10 in Fighting
 24329 | Lair:3   | Found a staircase to the Swamp.
 25300 | Lair:4   | Got a shimmering lapis lazuli ring
 25302 | Lair:4   | Identified the ring "Pis Vulu" {rC+ Str+4 SInv} (You found it on level 4 of the Lair of Beasts)
 25719 | Lair:3   | Reached XP level 13. HP: 75/114 MP: 13/13
 26073 | Lair:4   | Found a hole to the Spider Nest.
 26212 | Lair:4   | You fall through a shaft!
 26257 | Lair:5   | Received a gift from Okawaru
 26711 | Lair:5   | Received a gift from Okawaru
 26715 | Lair:5   | Got a shimmering centaur barding {god gift}
 26996 | Lair:5   | Identified the +1 centaur barding of Henotheism {MR- Regen+ Str+9 Int-4} (Okawaru gifted it to you on level 5 of the Lair of Beasts)
 28299 | Lair:6   | Entered Level 6 of the Lair of Beasts
 28821 | Lair:5   | Received a gift from Okawaru
 28946 | Lair:5   | Reached ****** piety under Okawaru
 29052 | Lair:6   | Received a gift from Okawaru
 29319 | Lair:6   | Noticed ces's ghost (journeyman GnFi)
 29601 | Lair:6   | Cast into level 2 of the Abyss (ces's ghost)
 29601 | Abyss:2  | Found a corrupted altar of Lugonu.
 29664 | Abyss:2  | Reached XP level 14. HP: 124/124 MP: 14/14
 29759 | Abyss:2  | Noticed a starcursed mass
 30007 | Abyss:2  | Noticed a starcursed mass
 30063 | Abyss:2  | Noticed a tentacled starspawn
 30083 | Abyss:2  | HP: 1/124 [starcursed mass/accursed screaming (8)]
 30298 | Abyss:2  | Paralysed by a great orb of eyes for 3 turns
 30383 | Abyss:2  | Noticed a bone dragon
 30384 | Abyss:2  | Gained mutation: You are weak. (Str -2) [a neqoxec]
 30459 | Abyss:2  | Noticed a starcursed mass
 30532 | Abyss:2  | Noticed a tentacled starspawn
 30620 | Abyss:2  | Noticed a bone dragon
 30625 | Abyss:2  | Noticed a hellephant
 30658 | Abyss:2  | HP: 5/124 [bone dragon (11)]
 30658 | Abyss:2  | Slain by a bone dragon

Skill      XL: |  1  2  3  4  5  6  7  8  9 10 11 12 13 14 |
---------------+-------------------------------------------+-----
Armour         | 1 2 3 4 5 6 7 8 |  8.8
Polearms       | 1 2 3 4 6 8 9 11 12 13 14 | 14.0
Bows           | 6 7 8 10 11 12 13 14 | 14.8
Fighting       | 3 4 5 6 8 9 10 11 | 11.4
Dodging        | |  1.3
Stealth        | |  0.4

Action                   |  1- 3 |  4- 6 |  7- 9 | 10-12 | 13-15 || total
-------------------------+-------+-------+-------+-------+-------++-------
Melee: Short sword       |    68 |       |       |       |       ||    68
       Kick              |    24 |    54 |   160 |   380 |   303 ||   921
       Spear             |    73 |   278 |    82 |       |       ||   433
       Trident           |       |       |   545 |  1159 |   531 ||  2235
       Punch             |       |       |       |     2 |       ||     2
 Fire: Shortbow          |     2 |       |       |    51 |     8 ||    61
Invok: Heroism           |       |       |       |     4 |       ||     4
  Use: Scroll            |     1 |     3 |    10 |    13 |     6 ||    33
       Potion            |       |       |     1 |     7 |     4 ||    12
 Stab: Held in net/web   |       |       |     1 |       |       ||     1
  Eat: Chunk             |     2 |     6 |     5 |     9 |     5 ||    27
       Ration            |       |       |     4 |    13 |     2 ||    19
Armor: Scale mail        |    92 |   123 |   247 |    59 |       ||   521
       Leather armour    |     2 |       |       |       |       ||     2
       Ring mail         |       |       |       |    20 |       ||    20
       Chain mail        |       |       |       |   368 |   219 ||   587
Dodge: Dodged            |    65 |    67 |   149 |   183 |    82 ||   546
Block: Other             |       |    38 |   111 |   163 |    76 ||   388
       Reflection        |       |       |     1 |     4 |       ||     5
